 Dungeon Crawl Stone Soup version 0.31-a0-164-g2312942fda (webtiles) character file.

Game seed: 10944187589480995105

490 qw the Chopper (level 7, -5/43 HPs)
             Began as a Gargoyle Fighter on June 13, 2023.
             Was an Initiate of Okawaru.
             Slain by Pikel
             ... wielding a +0 whip of flaming
              (9 damage)
             ... on level 5 of the Dungeon.
             The game lasted 00:02:01 (3807 turns).

qw the Chopper (Gargoyle Fighter)                   Turns: 3807, Time: 00:02:02

Health: -5/43      AC: 16    Str: 21    XL:     7   Next: 14%
Magic:  9/9        EV: 13    Int:  9    God:    Okawaru [......]
Gold:   347        SH:  4    Dex:  9    Spells: 6/6 levels left

rFire   . . .        Y - +0 war axe
rCold   . . .        c - +0 buckler
rNeg    + . .        q - +0 chain mail
rPois   inf          n - +0 helmet
rElec   +            (no cloak)
rCorr   +            m - +0 pair of gloves
SInv    .            (no boots)
Will    .....        (no amulet) Stlth
                     k - ring of resist corrosion
HPRegen 0.27/turn    i - +5 ring of evasion
MPRegen 0.11/turn

%: no passive effects
@: no status effects
A: sickness immunity, AC +4, negative energy resistance 1, electricity
resistance, torment resistance 1, petrification resistance
a: Renounce Religion


You were on level 5 of the Dungeon.
You worshipped Okawaru.
Okawaru was noncommittal.
You visited 1 branch of the dungeon, and saw 5 of its levels.

You collected 347 gold pieces.


Innate Abilities, Weirdness & Mutations

You are immune to sickness and miasma.
Your stone body is resilient. (AC +4)
You are immune to poison.
You resist negative energy. (rN+)
You are resistant to electric shocks. (rElec)
You are resistant to unholy torment.
You are immune to petrification.


   Skills:
 - Level 4.0 Fighting
 - Level 6.0 Axes
 - Level 3.2 Armour
 + Level 0.6 Dodging
 - Level 3.2 Shields
 - Level 2.7 Invocations


You had 6 spell levels left.
You didn't know any spells.
Your spell library was empty.

Inventory:

Hand Weapons
 p - a +0 morningstar
 Y - a +0 war axe (weapon)
Missiles
 b - 4 boomerangs (quivered)
Armour
 c - a +0 buckler (worn)
 m - a +0 pair of gloves (worn)
 n - a +0 helmet (worn)
 q - a +0 chain mail (worn)
Jewellery
 a - an amulet of guardian spirit
 f - a ring of ice
 i - a +5 ring of evasion (right hand)
 k - a ring of resist corrosion (left hand)
Scrolls
 g - 2 scrolls of identify
Potions
 d - a potion of might
 e - a potion of heal wounds
 h - a potion of mutation
 l - a potion of resistance
 o - a potion of haste

Dungeon Overview and Level Annotations

Branches:
Dungeon (5/15)
 Temple: D:4-7

Altars:
Nemelex Xobeh
Okawaru
Trog
Uskayaw
Xom

Shops:
D:1 *

Annotations:
D:5 Pikel


Message History

You throw a boomerang. Something barely misses you.
You throw a boomerang. The boomerang hits the lemure!
The lemure is severely wounded.
You block something's attack.
You throw a boomerang. Something hits you. Something burns you.
You throw a boomerang.
The boomerang closely misses the lemure.
Something hits you but does no damage.
You throw a boomerang. The boomerang hits the lemure!
You kill the lemure!
That felt strangely unrewarding.
Something hits you but does no damage.
You hit something.
You feel like a meek peon again. Something hits you. Something burns you.
You miss something. Something hits you. Something burns you.
You miss something. Something hits you but does no damage. Something hits you.
Something burns you.
You hit something but do no damage. Something hits you. Something burns you.
You completely miss something. Something hits you but does no damage.
You miss something. Something hits you but does no damage.
You closely miss something. Something hits you but does no damage.
You hit something. Something hits you. Something burns you.
Something hits you but does no damage.
You slash something! Something hits you but does no damage.
You barely miss something. Something hits you! Something burns you.
You closely miss something. Something hits you but does no damage.
You miss something. Something hits you!
You die...

....... ..... . ..... .... ...
..... ... ..... #'#......
##{#..?... #. #.@.)# #.###
#....# #....########....####
#...#.............
#####...###...).....
#....#..##....#......#########
#....##.##.##.#......#........
#....'.>....#.########.######.
#....####.#.#.# #.# #.


There were no monsters in sight!

Vanquished Creatures
  4 lemures (D:5)
  A scorpion (D:4)
  A jelly (D:4)
  An orc priest (D:3)
  A gnoll bouda (D:5)
  An iguana (D:4)
  2 sleepcaps
  3 orc wizards
  4 gnolls
  4 adders
  An ufetubus (D:4)
  A worm (D:3)
  4 dart slugs
  9 orcs
  5 endoplasms
  5 giant cockroaches
  7 goblins
  8 hobgoblins
  A jackal (D:1)
  7 quokkas
  7 ball pythons
  7 bats
  4 frilled lizards
  5 kobolds
  4 rats
97 creatures vanquished.

Notes
Turn   | Place    | Note
-------+----------+-------------------------------------------
     0 | D:1      | qw the Gargoyle Fighter began the quest for the Orb.
     0 | D:1      | Reached XP level 1. HP: 14/14 MP: 1/1
     0 | D:1      | 0 ||| qw: Version: 0.2-a-29-gc1b59c4
     0 | D:1      | 0 ||| qw: Game counter: 4513
     0 | D:1      | 0 ||| qw: Always use a shield: true
     0 | D:1      | 0 ||| qw: God list: Okawaru
     0 | D:1      | 0 ||| qw: Allow faded altars: false
     0 | D:1      | 0 ||| qw: Do Orc after D:15 true
     0 | D:1      | 0 ||| qw: Do second Lair branch before Depths: true
     0 | D:1      | 0 ||| qw: Lair rune preference: random
     0 | D:1      | 0 ||| qw: Plans: Normal, Zot:1-4, Slime:5, God:TSO, Crypt,
                  | Tomb, Abyss, Pan, Hells, Win
     0 | D:1      | 0 ||| PLANNING D:1-11
    46 | D:1      | Reached skill level 2 in Axes
    81 | D:1      | 81 ||| Stepping ~*~*~tactically~*~*~ (stealth).
   104 | D:1      | Reached XP level 2. HP: 19/19 MP: 2/2
   106 | D:1      | 106 ||| Stepping ~*~*~tactically~*~*~ (hiding).
   145 | D:1      | Reached skill level 3 in Axes
   145 | D:1      | Reached XP level 3. HP: 11/23 MP: 3/3
   207 | D:1      | 207 ||| Stepping ~*~*~tactically~*~*~ (hiding).
   230 | D:1      | 230 ||| Stepping ~*~*~tactically~*~*~ (stealth).
   231 | D:1      | 231 ||| DROPPING +0 club.
   233 | D:1      | 233 ||| Stepping ~*~*~tactically~*~*~ (stealth).
   236 | D:1      | 236 ||| Stepping ~*~*~tactically~*~*~ (stealth).
   237 | D:1      | 237 ||| Stepping ~*~*~tactically~*~*~ (stealth).
   366 | D:1      | 366 ||| Stepping ~*~*~tactically~*~*~ (stealth).
   367 | D:1      | 367 ||| Stepping ~*~*~tactically~*~*~ (stealth).
   401 | D:1      | Found Daetrol's General Store.
   431 | D:1      | 431 ||| SHOPLISTING potion of curing (36 gold, have 19).
   500 | D:1      | 500 ||| Stepping ~*~*~tactically~*~*~ (hiding).
  1091 | D:1      | 1091 ||| UPGRADING to +0 pair of gloves.
  1096 | D:1      | 1096 ||| UPGRADING to ring of resist corrosion.
  1097 | D:1      | 1097 ||| READING scroll labelled EZAICLUNUS.
  1098 | D:1      | 1098 ||| READING scroll labelled ELAOKK FIYGOLA.
  1099 | D:1      | 1099 ||| READING scroll labelled NIEMENUA QOOTZ.
  1100 | D:1      | 1100 ||| DRINKING 2 viscous inky potions.
  1101 | D:1      | 1101 ||| DROPPING potion of invisibility.
  1350 | D:2      | You fall into a shaft and drop 1 floor!
  1351 | D:3      | 1351 ||| UPGRADING to amulet of guardian spirit.
  1356 | D:3      | 1356 ||| DRINKING 2 fizzy silvery potions.
  1357 | D:3      | 1357 ||| DROPPING potion of enlightenment.
  1424 | D:2      | Reached XP level 4. HP: 28/28 MP: 4/4
  1440 | D:2      | 1440 ||| Stepping ~*~*~tactically~*~*~ (stealth).
  1916 | D:2      | 1916 ||| READING 3 scrolls labelled QUIBO XUOCIN.
  1917 | D:2      | 1917 ||| READING scroll labelled BUATE GUIGREO.
  1918 | D:2      | 1918 ||| DRINKING 2 fizzy purple potions.
  1919 | D:2      | 1919 ||| READING 2 scrolls of identify.
  1919 | D:2      | 1919 ||| IDENTIFYING orange potion
  1924 | D:3      | Found a shimmering altar of Xom.
  2019 | D:3      | Found a hide-covered altar of Uskayaw.
  2135 | D:3      | Reached skill level 4 in Axes
  2145 | D:3      | 2145 ||| Stepping ~*~*~tactically~*~*~ (stealth).
  2146 | D:3      | 2146 ||| Stepping ~*~*~tactically~*~*~ (stealth).
  2181 | D:3      | 2181 ||| DROPPING +0 flail.
  2247 | D:3      | Found an iron altar of Okawaru.
  2247 | D:3      | Found a bloodstained altar of Trog.
  2248 | D:3      | 2248 ||| PLANNING OKAWARU WORSHIP
  2274 | D:3      | 2274 ||| UPGRADING to +0 helmet.
  2279 | D:3      | 2279 ||| UPGRADING to +0 chain mail.
  2289 | D:3      | 2289 ||| DROPPING +0 scale mail.
  2290 | D:3      | 2290 ||| UPGRADING to +5 ring of evasion.
  2291 | D:3      | 2291 ||| DRINKING 2 metallic brown potions.
  2299 | D:3      | Became a worshipper of Warmaster Okawaru
  2299 | D:3      | 2299 ||| PLANNING D:1-11
  2300 | D:3      | 2300 ||| REMOVING amulet of guardian spirit.
  2728 | D:3      | Reached XP level 5. HP: 16/32 MP: 5/5
  2736 | D:3      | 2736 ||| DRINKING potion of curing.
  2736 | D:3      | 2736 ||| (to cure confusion)
  2748 | D:3      | Reached skill level 5 in Axes
  2799 | D:3      | 2799 ||| READING scroll labelled NUS EPOHIET.
  2800 | D:3      | 2800 ||| READING 2 scrolls of identify.
  2800 | D:3      | 2800 ||| IDENTIFYING brown potion
  2911 | D:4      | 2911 ||| Stepping ~*~*~tactically~*~*~ (stealth).
  2933 | D:4      | Reached XP level 6. HP: 33/38 MP: 6/6
  3123 | D:4      | Reached * piety under Okawaru
  3129 | D:4      | 3129 ||| Stepping ~*~*~tactically~*~*~ (stealth).
  3137 | D:4      | 3137 ||| Stepping ~*~*~tactically~*~*~ (hiding).
  3179 | D:4      | Reached skill level 1 in Invocations
  3518 | D:4      | 3518 ||| READING scroll labelled KEDWIE QAANIDO.
  3523 | D:4      | 3523 ||| READING 3 scrolls of identify.
  3523 | D:4      | 3523 ||| IDENTIFYING bubbling silvery potion
  3533 | D:5      | Entered Level 5 of the Dungeon
  3541 | D:5      | Found a sparkling altar of Nemelex Xobeh.
  3596 | D:5      | 3596 ||| Stepping ~*~*~tactically~*~*~ (hiding).
  3597 | D:5      | 3597 ||| INVOKING Heroism.
  3602 | D:5      | Reached XP level 7. HP: 36/43 MP: 5/8
  3608 | D:5      | Reached skill level 6 in Axes
  3618 | D:5      | 3618 ||| Stepping ~*~*~tactically~*~*~ (stealth).
  3640 | D:5      | 3640 ||| INVOKING Heroism.
  3719 | D:5      | Noticed Pikel
  3720 | D:5      | 3720 ||| Stepping ~*~*~tactically~*~*~ (stealth).
  3781 | D:5      | 3781 ||| INVOKING Heroism.
  3805 | D:5      | HP: 7/43 [something (7)]
  3807 | D:5      | Slain by Pikel

Levels and vault maps discovered:
D:1:      minmay_arrival_checkered_box, layout_basic, serial_shops,
          nicolae_shop_tiny_real_fake_doors, serial_park_tiny_1,
          minmay_indecisive_spiral
D:2:      layout_basic, bh_walls_and_bars
D:3:      layout_basic, grunt_temple_overflow_bloody_war,
          nicolae_uskayaw_murder_on_the_dancefloor, xom_teletrap_fun,
          kennysheep_generic_room_14
D:4:      minmay_wonky_spiral, layout_loops_ring
D:5:      layout_basic, nemelex_spade_bored_becter,
          chequers_temple_overflow_statue_of_worship, uniq_pikel

Skill      XL: |  1  2  3  4  5  6  7 |
---------------+----------------------+-----
Axes           | 2 3 4 5 6 |  6.0
Fighting       | 4 |  4.0
Invocations    | 2 |  2.7
Armour         | |  3.2
Dodging        | |  0.6
Shields        | |  3.2

Action                     |  1- 3 |  4- 6 |  7- 9 || total
---------------------------+-------+-------+-------++-------
  Melee: War axe           |    98 |   185 |    58 ||   341
  Throw: Boomerang         |       |    40 |    14 ||    54
 Invoke: Heroism           |       |     1 |     2 ||     3
    Use: Scroll            |     3 |     7 |       ||    10
         Potion            |     2 |     3 |       ||     5
 Armour: Scale mail        |    50 |    29 |       ||    79
         Chain mail        |       |    70 |    28 ||    98
  Dodge: Dodged            |    50 |    93 |    20 ||   163
  Block: Buckler           |    16 |    26 |     9 ||    51

Table legend:
 A = Non-vault XP
 B = Vault XP
 C = Vault XP percentage of total XP
 D = Non-vault monster count
 E = Vault monster count
 F = Vault count percentage of total count
                 A         B        C        D         E       F
            +---------+---------+-------+---------+---------+-------
      Total |     675 |      25 |   3.6 |      84 |       9 |   9.7
            +---------+---------+-------+---------+---------+-------
        D:1 |      54 |       9 |  14.3 |      24 |       4 |  14.3
        D:2 |      23 |       0 |   0.0 |      12 |       0 |   0.0
        D:3 |     144 |       4 |   2.7 |      23 |       2 |   8.0
        D:4 |     333 |      12 |   3.5 |      20 |       3 |  13.0
        D:5 |     121 |       0 |   0.0 |       5 |       0 |   0.0
            +---------+---------+-------+---------+---------+-------
